 Dungeon Crawl Stone Soup version 0.26-a0-812-g31a745ddcd (webtiles) character file.

Game seed: 13372493459012408194

599608 Peloso the Minotaur Barricade (level 26, -6/266 HPs)
             Began as a Minotaur Fighter on Nov 14, 2020.
             Was the Champion of Okawaru.
             Killed from afar by a storm dragon (37 damage)
             ... with a bolt of lightning
             ... on level 4 of the Depths.
             The game lasted 04:24:04 (67763 turns).

Peloso the Minotaur Barricade (Minotaur Fighter)   Turns: 67763, Time: 04:24:04

Health: -6/266     AC: 48    Str: 26    XL:     26   Next: 45%
Magic:  26/26      EV: 13    Int:  1    God:    Okawaru [******]
Gold:   8160       SH: 35    Dex: 17    Spells: 25/25 levels left

rFire    + + .     SeeInvis +   b - +6 double sword (holy)
rCold    + + +     Faith    .   r - +3 tower shield of Gravity {-Cast *Slow rN+++ Slay+5}
rNeg     + + +     Spirit   .   E - +9 crystal plate armour "Qaat" {rPois rF+ rN+}
rPois    +         Reflect  +   P - +0 hat of Uxtey {*Corrode rPois rC+++ SInv}
rElec    .         Harm     .   X - scarf {rC+ rF+}
rCorr    +         Rampage  .   e - +3 pair of gauntlets of War {Slay+5}
MR       ++...     NoCast   +   t - +5 pair of boots of the Wasteland {rPois Regen+ Str-2}
Stlth    ..........             F - amulet of reflection
HPRegen  0.94/turn              z - ring "Guletz" {MR+ Dex+6}
MPRegen  0.20/turn              D - ring of the Howling Genius {rPois rC+++ rCorr Int-4 Dex-4}

@: about to teleport
A: retaliatory headbutt, horns 2
}: 3/15 runes: decaying, barnacled, silver
a: Heroism, Finesse, Renounce Religion


You were on level 4 of the Depths.
You worshipped Okawaru.
Okawaru was exalted by your worship.
You visited 9 branches of the dungeon, and saw 47 of its levels.
You visited the Abyss 2 times.
You visited 1 bazaar.
You also visited: Ice Cave and Wizlab.

You collected 9992 gold pieces.
You spent 1832 gold pieces at shops.

Inventory:

Hand Weapons
 a - a +6 vampiric double sword
 b - a +6 double sword of holy wrath (weapon)
 S - a +3 demon blade of flaming
Armour
 e - the +3 pair of gauntlets of War (worn) {Slay+5}
   (You found it on level 1 of the Vaults)

   It affects your accuracy and damage with ranged weapons and melee attacks
   (+5).
 g - +0 gold dragon scales
 i - +0 fire dragon scales
 r - the +3 tower shield of Gravity (worn) {-Cast *Slow rN+++ Slay+5}
   (You took it off Mennas on level 4 of the Vaults)

   It affects your accuracy and damage with ranged weapons and melee attacks
   (+5).
   It renders you almost immune to negative energy.
   It prevents spellcasting.
   It may slow you when you take damage.
 s - a +0 kite shield of reflection
 t - the +5 pair of boots of the Wasteland (worn) {rPois Regen+ Str-2}
   (You found it on level 4 of the Dungeon)

   It affects your strength (-2).
   It protects you from poison.
   It increases your rate of regeneration.
 E - the +9 crystal plate armour "Qaat" (worn) {rPois rF+ rN+}
   (Okawaru gifted it to you on level 3 of the Vaults)

   It protects you from fire.
   It protects you from poison.
   It protects you from negative energy.
 N - a +2 hat of intelligence
 P - the +0 hat of Uxtey (worn) {*Corrode rPois rC+++ SInv}
   (Okawaru gifted it to you on level 5 of the Depths)

   It renders you almost immune to cold.
   It protects you from poison.
   It lets you see invisible.
   It may corrode you when you take damage.
 T - +0 ice dragon scales
 X - a scarf of resistance (worn)
Jewellery
 w - the ring "Tanigof" {rF+ Dex+8}
   (You found it on level 1 of the Depths)

   [ring of protection from fire]

   It affects your dexterity (+8).
   It protects you from fire.
 y - an uncursed ring of magical power
 z - the ring "Guletz" (left hand) {MR+ Dex+6}
   (You took it off a deep elf annihilator on level 3 of the Elven Halls)

   [ring of dexterity]

   It affects your dexterity (+6).
   It affects your resistance to hostile enchantments.
 D - the ring of the Howling Genius (right hand) {rPois rC+++ rCorr Int-4 Dex-4}
   (You found it on level 5 of the Vaults)

   [ring of resist corrosion]

   It affects your intelligence (-4).
   It affects your dexterity (-4).
   It renders you almost immune to cold.
   It protects you from poison.
   It provides partial protection from all sources of acid and corrosion.
 F - an amulet of reflection (around neck)
 M - an uncursed ring of resist corrosion
 O - the ring of Pantheism {rPois Str+6 Int+2 SInv}
   (You took it off a deep elf annihilator on level 3 of the Depths)

   [ring of strength]

   It affects your strength (+6).
   It affects your intelligence (+2).
   It protects you from poison.
   It lets you see invisible.
 Q - the ring "Guink" {Str+7 SInv}
   (You found it on level 3 of the Crypt)

   [ring of see invisible]

   It affects your strength (+7).
   It lets you see invisible.
 U - the ring "Gouwk" {rElec rF- rC+ rN+++ Str+6}
   (You found it on level 3 of the Crypt)

   [ring of strength]

   It affects your strength (+6).
   It makes you vulnerable to fire.
   It protects you from cold.
   It insulates you from electricity.
   It renders you almost immune to negative energy.
Wands
 c - a wand of paralysis (7)
 u - a wand of digging (17)
 G - a wand of acid (8)
 R - a wand of iceblast (7)
Scrolls
 f - 17 scrolls of remove curse
 h - 21 scrolls of identify
 j - 3 scrolls of fear
 m - 2 scrolls of amnesia
 p - 20 scrolls of teleportation
 x - a scroll of summoning
 A - 8 scrolls of immolation
 B - a scroll of fog
 C - a scroll of silence
 H - 4 scrolls of noise
 J - 4 scrolls of blinking
 L - 2 scrolls of enchant armour
 Z - 3 scrolls of magic mapping
Potions
 d - 6 potions of might
 k - 12 potions of heal wounds
 l - 9 potions of mutation
 n - 13 potions of flight
 o - 19 potions of curing
 v - 2 potions of cancellation
 I - 4 potions of berserk rage
 K - 6 potions of haste
 Y - 3 potions of resistance
Miscellaneous
 q - a phial of floods


   Skills:
 O Level 27 Fighting
 O Level 27 Long Blades
 + Level 21.4 Armour
 + Level 11.2 Dodging
 + Level 3.6 Stealth
 O Level 27 Shields
 + Level 5.7 Invocations
 + Level 1.6 Evocations


You had 25 spell levels left.
You didn't know any spells.
Your spell library contained the following spells:

 Spells                   Type           Power        Failure   Level
 Animate Skeleton         Necr           #.....       100%        1
 Apportation              Tloc           #.....       100%        1
 Beastly Appendage        Tmut           #.....       100%        1
 Corona                   Hex            #......      100%        1
 Foxfire                  Conj/Fire      #...         100%        1
 Magic Dart               Conj           #...         100%        1
 Pain                     Necr           #...         100%        1
 Summon Small Mammal      Summ           #...         100%        1
 Blink                    Tloc           N/A          100%        2
 Call Imp                 Summ           #.......     100%        2
 Corpse Rot               Necr/Air       N/A          100%        2
 Searing Ray              Conj           #.....       100%        2
 Slow                     Hex            #.......     100%        2
 Wereblood                Tmut           #.......     100%        2
 Call Canine Familiar     Summ           #.......     100%        3
 Confusing Touch          Hex            #.......     100%        3
 Conjure Flame            Conj/Fire      #.......     100%        3
 Dazzling Flash           Conj/Hex       #.....       100%        3
 Frozen Ramparts          Ice            #.....       100%        3
 Gell's Gravitas          Tloc           #.........   100%        3
 Inner Flame              Hex/Fire       #.......     100%        3
 Lesser Beckoning         Tloc           #.........   100%        3
 Mephitic Cloud           Conj/Pois/Air  #.......     100%        3
 Portal Projectile        Hex/Tloc       #.....       100%        3
 Spider Form              Tmut/Pois      #.........   100%        3
 Stone Arrow              Conj/Erth      #.....       100%        3
 Summon Guardian Golem    Hex/Summ       #.......     100%        3
 Tukima's Dance           Hex            #.......     100%        3
 Vampiric Draining        Necr           #.........   100%        3
 Animate Dead             Necr           #.........   100%        4
 Cause Fear               Hex            #.........   100%        4
 Dispel Undead            Necr           #.......     100%        4
 Fulminant Prism          Conj/Hex       #.........   100%        4
 Ice Form                 Ice/Tmut       #.......     100%        4
 Iskenderun's Mystic Bla  Conj/Tloc      #.......     100%        4
 Leda's Liquefaction      Hex/Erth       #.........   100%        4
 Petrify                  Tmut/Erth      #.......     100%        4
 Summon Ice Beast         Ice/Summ       #.......     100%        4
 Summon Lightning Spire   Summ/Air       #.......     100%        4
 Agony                    Necr           #.......     100%        5
 Alistair's Intoxication  Tmut/Pois      #........    100%        5
 Blade Hands              Tmut           #.........   100%        5
 Borgnjor's Vile Clutch   Necr/Erth      #.........   100%        5
 Excruciating Wounds      Necr           #.........   100%        5
 Metabolic Englaciation   Hex/Ice        #.........   100%        5
 Silence                  Hex/Air        #.........   100%        5
 Summon Demon             Summ           #.........   100%        5
 Summon Forest            Summ/Tloc      #.........   100%        5
 Summon Mana Viper        Hex/Summ       #.......     100%        5
 Yara's Violent Unravell  Hex/Tmut       #.........   100%        5
 Conjure Ball Lightning   Conj/Air       #.........   100%        6
 Dispersal                Tloc           #.........   100%        6
 Eringya's Noxious Bog    Tmut/Pois      #.........   100%        6
 Freezing Cloud           Conj/Ice/Air   #.........   100%        6
 Hydra Form               Tmut           #.........   100%        6
 Invisibility             Hex            #.......     100%        6
 Ozocubu's Refrigeration  Ice            #.........   100%        6
 Shadow Creatures         Summ           N/A          100%        6
 Dragon Form              Tmut           #.........   100%        7
 Summon Hydra             Summ           #.........   100%        7
 Borgnjor's Revivificati  Necr           #.........   100%        8
 Discord                  Hex            #.........   100%        8
 Disjunction              Tloc           #.........   100%        8
 Dragon's Call            Summ           #.........   100%        9
 Tornado                  Air            #.........   100%        9


Dungeon Overview and Level Annotations

Branches:
Dungeon (15/15)            Temple (0/1) D:7            Lair (6/6) D:8
  Swamp (4/4) Lair:2       Shoals (4/4) Lair:4        Slime (0/5) Lair:5
    Orc (2/2) D:11            Elf (3/3) Orc:2        Vaults (5/5) D:13
  Crypt (3/3) Vaults:3       Tomb (0/3) Crypt:3      Depths (5/5) D:15
    Zot (0/5) Depths:5      IceCv (visited)          WizLab (visited)

Altars:
Ashenzari
Gozag
Nemelex Xobeh
Okawaru
Qazlal
Ru
Sif Muna
Trog
Uskayaw
Vehumet
Xom
Yredelemnul
Zin
The Shining One
Jiyva

Shops:
D:15 *   Orc:1 =   Orc:2 *!!   Elf:1 }((([   Elf:3 !   Vaults:1 (*   Vaults:2 (
Vaults:4 }   Depths:1 (   Depths:2 !

Portals:
Hell: Depths:1 Depths:2 Depths:3 Depths:4 Depths:5
Abyss: Depths:4
Pandemonium: Depths:1 Depths:3 Depths:5
Ziggurat: Depths:3
Trove: Vaults:2 (show abyssal rune of Zot)

Annotations:
Lair:6 Casa
Depths:4 1 runed translucent door


Innate Abilities, Weirdness & Mutations

You reflexively headbutt those who attack you in melee.
You have a pair of horns on your head.


Message History

You slice the deep elf annihilator!!
You kill the deep elf annihilator!
Okawaru accepts your kill.
The storm dragon breathes lightning at you.
The bolt of lightning misses you. You block the storm dragon's attack. x3
Unknown command.
You cut the storm dragon into ribbons!!!
The storm dragon is almost dead.
The shadow dragon breathes negative energy at you.
The bolt of negative energy hits you but does no damage.
You resist. You block the storm dragon's attack. The storm dragon claws you.
* * * LOW HITPOINT WARNING * * *
You block the storm dragon's attack.
Unknown command.
You slash the storm dragon! You headbutt the storm dragon!
You kill the storm dragon!
Okawaru accepts your kill.
The storm dragon breathes lightning at you.
The bolt of lightning hits you!!!
You die...

##..#...................
#.##...................
####...................
#######[............
##..)#............
#....#..#.........
##(...#.#..........
####))..####..........
#.VeD@### ##.#...#...
#.?ZVD## ###..####.
#((ZnZ# #....... #)(MZZ#
#.....#. #...$[##
###...#. ..+.### ##..#.
...# #..... ... #.....
##....


You could see a shadow dragon (catching breath), a storm dragon (catching
breath), a jiangshi (summoned), a vampire mage (empowered, invisible), a deep
elf high priest (brilliance aura), a necrophage (summoned), a mummy (summoned),
a shadow dragon zombie (summoned), a deep elf elementalist zombie (summoned), a
deep elf annihilator skeleton (summoned), a fire giant skeleton (summoned) and a
titan skeleton (summoned).

Vanquished Creatures
  2 juggernauts (Depths:2)
  4 ancient liches (Crypt:3)
  Mennas (Vaults:4)
  Mara (Crypt:1)
  Boris (4 times) (Vaults:3 Crypt:1 Crypt:3 D:15)
  Sojobo (Depths:5)
  Frederick (Depths:3)
  Saint Roka (Crypt:3)
  Xtahua (Vaults:2)
  10 golden dragons
  A caustic shrike (Depths:4)
  Jory (Vaults:5)
  3 bone dragons
  A Tzitzimitl (WizLab)
  A lich (Depths:4)
  Rupert (Orc:2)
  An Ice Fiend (IceCv)
  9 tentacled monstrosities
  2 quicksilver dragons
  2 deep elf blademasters (Elf:2)
  Asterion (D:15)
  2 deep elf master archers (Elf:3)
  6 titans
  The ghost of Muvawnih the Tortoise, an adept MiFi of Okawaru (Elf:1)
  A kraken (Shoals:4)
  Polyphemus (Shoals:2)
  2 tentacled starspawn (Abyss:3)
  9 sphinxes
  A thorn hunter (Swamp:4)
  3 ancient champions
  4 storm dragons
  3 shadow dragons
  Kirke (Swamp:3)
  2 revenants
  7 fire giants
  4 frost giants
  8 tengu reavers
  15 vault wardens
  3 iron dragons
  8 deep elf sorcerers
  A curse skull (Crypt:3)
  4 deep elf elementalists
  3 cacodemons
  A ghoul (Crypt:2)
  A draconian scorcher (Depths:5)
  4 draconian stormcallers
  17 ironheart preservers
  2 reapers
  13 stone giants
  4 war gargoyles
  A juggernaut skeleton (Crypt:1)
  22 very ugly things
  4 entropy weavers
  6 vampire knights
  A green draconian (Depths:5)
  9 deep elf demonologists
  2 lorocyprocas
  A purple draconian (Depths:5)
  Azrael (Elf:2)
  11 deep elf annihilators
  3 bunyips
  16 spark wasps
  Snorg (Orc:2)
  2 white draconians (Depths:5)
  8 statues (Depths:3)
  3 eidola
  13 ettins
  5 merfolk javelineers
  Josephine (D:10)
  13 deep elf death magi
  An ettin (shapeshifter) (Vaults:4)
  6 jiangshi
  3 deep elf high priests
  8 merfolk impalers
  5 eleionomae
  9 fire dragons
  3 shambling mangroves
  A green death (WizLab)
  8 great orbs of eyes
  20 hydras
  19 yaktaur captains
  A hydra (shapeshifter) (Vaults:5)
  7 boulder beetles
  26 vault guards
  9 ice dragons
  3 catoblepae
  33 two-headed ogres
  3 merfolk aquamancers
  13 centaur warriors
  5 ghost crabs
  5 rakshasas
  10 alligators
  5 merfolk avatars
  7 spriggan air magi
  3 tengu warriors
  2 vampire magi (Crypt:1)
  3 satyrs (Shoals:3)
  14 ogre magi
  2 alligator snapping turtles
  21 dancing weapons
  9 death knights
  11 deep troll shamans
  3 thrashing horrors (Abyss:2)
  14 deep troll earth magi
  A titan zombie (Crypt:3)
  3 death yaks (Shoals:2)
  2 orc high priests
  27 deep elf knights
  A sun demon (WizLab)
  Sonja (Orc:1)
  21 hell knights
  3 spriggan berserkers
  3 soul eaters (WizLab)
  5 goliath frogs
  44 skeletal warriors
  4 spriggan druids
  A ghost moth zombie (Crypt:3)
  A golden dragon zombie (Crypt:3)
  An iron troll (Depths:4)
  5 shadow wraiths
  10 sea snakes
  An anaconda zombie (Crypt:2)
  6 flayed ghosts
  A spatial maelstrom (Abyss:3)
  2 glowing orange brains (Depths:5)
  A gelid demonspawn (Depths:1)
  A shadow demon (WizLab)
  6 bog bodies
  39 deep trolls
  11 swamp dragons
  2 unseen horrors
  11 wizards
  19 deep elf archers
  A tengu zombie (Vaults:4)
  9 starcursed masses (Abyss:2)
  12 phantasmal warriors
  15 ironbrand convokers
  An anaconda skeleton (Crypt:3)
  10 large abominations
  6 cyclopes
  An iron giant skeleton (Crypt:2)
  14 harpies
  6 orc knights
  42 ugly things
  90 deep elf magi
  2 fire giant zombies
  5 orc sorcerers
  4 necromancers
  5 wolf spiders
  An oklob plant (Shoals:3)
  14 manticores
  3 cyclopes (shapeshifter)
  5 will-o-the-wisps
  2 salamanders (shapeshifter)
  2 ice statues
  Joseph (D:9)
  6 elephants (Lair:5)
  10 fauns
  An iron dragon skeleton (Crypt:1)
  9 vault sentinels
  A guardian serpent (Lair:6)
  14 water nymphs
  9 merfolk sirens
  12 black mambas
  6 gargoyles
  A guardian serpent (shapeshifter) (Vaults:1)
  A torpor snail (shapeshifter) (Depths:2)
  4 smoke demons (Crypt:3)
  5 rime drakes
  A shock serpent skeleton (Crypt:3)
  A cane toad (shapeshifter) (Vaults:3)
  A hellion (WizLab)
  12 komodo dragons
  A yaktaur zombie (Vaults:4)
  15 cane toads
  2 efreet
  A rime drake (shapeshifter) (Vaults:2)
  A yaktaur (shapeshifter) (Vaults:5)
  19 freezing wraiths
  49 yaktaurs
  4 anaconda simulacra (IceCv)
  2 kobold demonologists
  4 tengu conjurers
  6 ice devils (IceCv)
  2 golden dragon simulacra (IceCv)
  A tormentor (WizLab)
  A queen ant zombie (Crypt:2)
  A yellow draconian skeleton (Crypt:1)
  2 jumping spiders
  43 merfolk
  2 guardian mummies (Crypt:3)
  7 red devils
  A hydra zombie (Crypt:3)
  A wind drake (shapeshifter) (Depths:5)
  5 polar bears
  A meliai (shapeshifter) (Vaults:5)
  24 hornets
  11 trolls
  5 wind drakes
  A merfolk (shapeshifter) (Vaults:1)
  2 queen bees (shapeshifter)
  8 tyrant leeches
  A moth of wrath zombie (Crypt:2)
  A hornet (shapeshifter) (Depths:5)
  3 polar bears (shapeshifter)
  28 slime creatures
  18 blink frogs
  3 raiju (Abyss:2)
  A raiju (shapeshifter) (D:13)
  12 snapping turtles
  2 ettin zombies
  11 water elementals
  Sigmund (D:2)
  2 air elementals
  8 redbacks
  16 spriggans
  A tarantella (Vaults:5)
  2 centaur simulacra
  A human (shapeshifter) (Vaults:4)
  3 ettin skeletons
  An alligator skeleton (Crypt:3)
  2 dire elephant simulacra (IceCv)
  An ushabti (Crypt:3)
  18 wraiths
  3 shadows
  3 ynoxinuls
  3 basilisks
  9 yaks
  A tarantella (shapeshifter) (Depths:2)
  4 fire elementals
  3 hogs (shapeshifter)
  14 wyverns
  5 hogs (Swamp:3)
  Eustachio (D:5)
  4 steam dragons
  3 chaos spawn
  2 neqoxecs (WizLab)
  A basilisk (shapeshifter) (Depths:4)
  9 vampire mosquitoes
  A warg (Vaults:2)
  3 harpy simulacra (IceCv)
  4 iron troll simulacra (IceCv)
  15 swamp worms
  A water nymph zombie (Crypt:1)
  A soldier ant (D:12)
  4 acid dragons
  A swamp worm (shapeshifter) (Vaults:4)
  An orb spider zombie (Crypt:2)
  4 hydra simulacra
  A soldier ant (shapeshifter) (D:14)
  2 hell hounds (Elf:2)
  7 swamp drakes
  A floating eye (shapeshifter) (Vaults:5)
  A swamp drake (shapeshifter) (Elf:1)
  2 cane toad skeletons (Crypt:3)
  41 orc warriors
  24 water moccasins
  Duvessa (D:5)
  3 small abominations
  11 ice beasts
  An alligator simulacrum (IceCv)
  An ettin simulacrum (IceCv)
  A black bear (D:13)
  A necrophage (D:8)
  2 sky beasts (D:10)
  A sky beast (shapeshifter) (Depths:3)
  22 wolves
  3 phantoms
  A centaur (shapeshifter) (Depths:3)
  48 ogres
  12 boggarts
  16 centaurs
  A snapping turtle zombie (Crypt:3)
  2 snapping turtle skeletons (Crypt:2)
  An elephant skeleton (Crypt:2)
  5 big kobolds
  An earth elemental (Elf:2)
  19 bullfrogs
  A wyvern zombie (D:11)
  A glowing shapeshifter simulacrum (Vaults:3)
  A palentonga skeleton (Crypt:1)
  Dowan (D:5)
  4 scorpions
  4 killer bees (D:10)
  A spriggan zombie (Crypt:1)
  A yak zombie (Crypt:2)
  2 troll zombies (D:9)
  11 wights
  7 electric eels (D:8)
  A draconian simulacrum (IceCv)
  4 centaur zombies
  A quasit (Abyss:2)
  10 hounds
  A jelly (D:15)
  30 orc priests
  Crazy Yiuf (D:2)
  A bullfrog skeleton (D:6)
  A black bear zombie (Crypt:1)
  6 human zombies
  45 orc wizards
  6 iguanas
  2 iron imps
  Jessica (D:2)
  A black bear skeleton (Crypt:2)
  A centaur skeleton (D:12)
  Natasha (thrice) (D:2)
  Terence (D:2)
  A human skeleton (Crypt:3)
  6 worker ants
  A spriggan simulacrum (IceCv)
  5 troll simulacra (IceCv)
  A polar bear simulacrum (IceCv)
  A human simulacrum (Crypt:2)
  9 mummies
  2 worker ant zombies
  10 gnolls
  15 adders
  3 naga simulacra (IceCv)
  3 ogre simulacra (IceCv)
  A river rat (shapeshifter) (Elf:1)
  A shadow imp (D:7)
  10 white imps
  11 ufetubi
  An ooze (D:7)
  2 adder skeletons
  A worm (shapeshifter) (Elf:1)
  2 worms
  8 leopard geckos
  114 orcs
  5 bats
  8 giant cockroaches
  6 hobgoblins
  11 jackals
  34 kobolds
  A quokka (shapeshifter) (Elf:1)
  7 quokkas
  3 ball pythons
  A ball python zombie (D:5)
  4 frilled lizards
  4 goblins
  A hobgoblin skeleton (Crypt:1)
  A leopard gecko skeleton (D:8)
  An orc skeleton (D:9)
  3 orc zombies
  A quokka zombie (D:7)
  4 rats
  5 crawling corpses
  4 fire vortices (Depths:3)
  2 tentacles
2327 creatures vanquished.

Vanquished Creatures (others)
  Aizul (Shoals:1)
  An iron dragon (Depths:4)
  A deep elf elementalist (Elf:3)
  2 very ugly things (Depths:3)
  A stone giant (D:15)
  An ettin (Depths:4)
  A deep elf high priest (Elf:3)
  A hydra (Swamp:3)
  3 alligators (Swamp:2)
  2 deep elf knights
  3 deep elf magi
  A necromancer (Vaults:5)
  2 ugly things (Depths:3)
  A manticore (Shoals:4)
  A rime drake (Swamp:4)
  A small abomination (Depths:4)
  An ice devil (WizLab)
  3 spriggans
  A chaos spawn (Abyss:2)
  2 humans (Swamp:4)
  A swamp worm (Swamp:3)
  A swamp drake (Swamp:4)
  2 ogres
  A wolf (shapeshifter) (Elf:1)
  An orc wizard (Orc:2)
  A goblin (shapeshifter) (Elf:1)
  A hobgoblin (shapeshifter) (Elf:1)
  A bat (shapeshifter) (Elf:1)
  A rat (shapeshifter) (Elf:1)
  3 briar patches (Swamp:4)
  8 foxfires
  45 fungi
  302 plants
  6 starspawn tentacles (Abyss:3)
  13 tentacles
  29 withered plants (Crypt:3)
446 creatures vanquished.

Grand Total: 2773 creatures vanquished

Notes
Turn   | Place    | Note
-------+----------+-------------------------------------------
     0 | D:1      | Peloso the Minotaur Fighter began the quest for the Orb.
     0 | D:1      | Reached XP level 1. HP: 19/19 MP: 0/0
   201 | D:1      | Reached XP level 2. HP: 26/27 MP: 1/1
   571 | D:2      | Noticed Sigmund
   739 | D:2      | Reached XP level 3. HP: 33/33 MP: 2/2
   812 | D:3      | Reached XP level 4. HP: 38/40 MP: 3/3
  1091 | D:3      | Reached XP level 5. HP: 46/46 MP: 4/4
  1127 | D:3      | Found an opulent altar of Gozag.
  1128 | D:3      | Found a glowing silver altar of Zin.
  1240 | D:3      | Reached skill level 1 in Dodging
  1550 | D:3      | Found a broken altar of Ashenzari.
  1872 | D:3      | Noticed a centaur
  1882 | D:3      | Killed a centaur
  1882 | D:3      | Reached skill level 5 in Long Blades
  2105 | D:3      | Found a shimmering altar of Xom.
  2196 | D:3      | Found a glowing golden altar of the Shining One.
  2196 | D:3      | Found an iron altar of Okawaru.
  2354 | D:3      | Became a worshipper of Warmaster Okawaru
  2449 | D:4      | Got a pair of encrusted boots
  2455 | D:4      | Identified the +5 pair of boots of the Wasteland {rPois
                  | Regen+ Str-2} (You found it on level 4 of the Dungeon)
  2491 | D:4      | Reached XP level 6. HP: 52/52 MP: 5/5
  2638 | D:4      | Reached skill level 5 in Shields
  2647 | D:4      | Reached skill level 5 in Armour
  3089 | D:2      | Noticed Natasha
  3091 | D:2      | Noticed Terence
  3094 | D:2      | Killed Natasha
  3104 | D:2      | You fall into a shaft and drop 2 floors!
  3207 | D:2      | Reached * piety under Okawaru
  3207 | D:2      | Reached XP level 7. HP: 60/60 MP: 6/6
  3217 | D:2      | Killed Sigmund
  3250 | D:2      | Noticed Natasha
  3261 | D:2      | Killed Natasha
  3402 | D:2      | Noticed Jessica
  3411 | D:2      | Killed Jessica
  3446 | D:2      | Found a runed translucent door.
  3447 | D:2      | Noticed Crazy Yiuf
  3461 | D:2      | Killed Crazy Yiuf
  3461 | D:2      | Reached skill level 5 in Fighting
  3519 | D:2      | Killed Terence
  3572 | D:2      | Noticed Natasha
  3578 | D:2      | Killed Natasha
  3645 | D:5      | Entered Level 5 of the Dungeon
  3710 | D:5      | Noticed Eustachio
  3757 | D:5      | Killed Eustachio
  3757 | D:5      | Reached ** piety under Okawaru
  3803 | D:5      | Reached XP level 8. HP: 67/68 MP: 7/7
  4000 | D:5      | Found a stormy altar of Qazlal.
  4013 | D:5      | Found a hide-covered altar of Uskayaw.
  4022 | D:5      | Found a shimmering blue altar of Sif Muna.
  4022 | D:5      | Found a bloodstained altar of Trog.
  4042 | D:5      | Found a sacrificial altar of Ru.
  4212 | D:5      | Found a sparkling altar of Nemelex Xobeh.
  4341 | D:5      | Noticed Dowan
  4342 | D:5      | Noticed Duvessa
  4358 | D:5      | Killed Duvessa
  4361 | D:5      | Killed Dowan
  5345 | D:6      | Reached skill level 1 in Stealth
  5477 | D:6      | Reached *** piety under Okawaru
  5925 | D:7      | Found a staircase to the Ecumenical Temple.
  5944 | D:7      | Reached XP level 9. HP: 70/75 MP: 8/8
  6202 | D:7      | HP: 2/77 [orc warrior/+0 trident (10)]
  7079 | D:8      | Reached **** piety under Okawaru
  7115 | D:8      | Reached skill level 10 in Long Blades
  7121 | D:8      | Noticed a troll
  7144 | D:8      | Killed a troll
  7155 | D:8      | Noticed a troll
  7183 | D:8      | Killed a troll
  7183 | D:8      | Reached XP level 10. HP: 30/86 MP: 9/9
  7311 | D:8      | Found a staircase to the Lair.
  7956 | D:9      | Received a gift from Okawaru
  7969 | D:9      | Noticed Joseph
  7995 | D:9      | Reached skill level 1 in Evocations
  8032 | D:9      | Killed Joseph
  8054 | D:9      | Reached ***** piety under Okawaru
  8395 | D:9      | Found a basalt altar of Yredelemnul.
  8552 | D:9      | Received a gift from Okawaru
  8984 | D:10     | Entered Level 10 of the Dungeon
  9031 | D:10     | Reached skill level 10 in Shields
  9292 | D:10     | Reached XP level 11. HP: 91/95 MP: 10/10
  9589 | D:10     | Noticed Josephine
  9611 | D:10     | Killed Josephine
  9794 | D:11     | Found a staircase to the Orcish Mines.
 10698 | D:12     | Found a sparkling altar of Nemelex Xobeh.
 10726 | D:12     | Reached skill level 1 in Invocations
 10774 | D:12     | Noticed a six-headed hydra
 10885 | Lair:1   | Entered Level 1 of the Lair of Beasts
 10912 | Lair:1   | Noticed a six-headed hydra
 11059 | Orc:1    | Entered Level 1 of the Orcish Mines
 11087 | Orc:1    | Noticed an ettin
 11104 | Orc:1    | Killed an ettin
 11427 | Orc:2    | Entered Level 2 of the Orcish Mines
 11624 | Orc:2    | Noticed Rupert
 11642 | Orc:2    | Killed Rupert
 11642 | Orc:2    | Received a gift from Okawaru
 11642 | Orc:2    | Reached skill level 10 in Armour
 11738 | Orc:2    | Noticed Sonja
 11756 | Orc:1    | Killed Sonja
 11817 | Orc:2    | Noticed an orc sorcerer
 11842 | Orc:1    | Reached XP level 12. HP: 105/105 MP: 12/12
 12066 | Orc:2    | Paralysed by an orc sorcerer for 2 turns
 12108 | Orc:2    | Noticed an orc high priest
 12120 | Orc:2    | Killed an orc high priest
 12283 | Orc:2    | Found a staircase to the Elven Halls.
 12454 | Orc:2    | Reached skill level 10 in Fighting
 12469 | Orc:2    | Found Zeaziulo's Distillery.
 12469 | Orc:2    | Found Ykhagog's Magic Scroll Emporium.
 12470 | Orc:2    | Found Dusygu's Distillery.
 12478 | Orc:2    | Found Sostry's Assorted Antiques.
 12486 | Orc:2    | Bought a potion of mutation for 80 gold pieces
 12486 | Orc:2    | Bought 2 potions of heal wounds for 100 gold pieces
 12486 | Orc:2    | Bought a potion of berserk rage for 50 gold pieces
 12487 | Orc:2    | Bought an opal-studded chain mail for 304 gold pieces
 12487 | Orc:2    | Bought 2 bubbling pink potions for 57 gold pieces
 12488 | Orc:2    | Bought a potion of haste for 100 gold pieces
 12488 | Orc:2    | Bought a potion of brilliance for 40 gold pieces
 12492 | Orc:2    | Bought a potion of might for 40 gold pieces
 12508 | Orc:2    | Identified the +0 chain mail "Jerumour" {rN+ Stlth+} (You
                  | bought it in a shop on level 2 of the Orcish Mines)
 12604 | Orc:2    | Noticed Snorg
 12654 | Orc:2    | Killed Snorg
 13176 | Orc:1    | Found Dotac's Jewellery Shop.
 13668 | D:12     | Noticed a four-headed hydra
 13687 | D:12     | Killed a nine-headed hydra
 13964 | D:12     | Killed a 13-headed hydra
 14279 | D:13     | Noticed a centaur warrior
 14289 | D:13     | Killed a centaur warrior
 14508 | D:13     | Noticed a centaur warrior
 14513 | D:13     | Killed a centaur warrior
 14513 | D:13     | Received a gift from Okawaru
 14868 | D:13     | Noticed an eight-headed hydra
 14887 | D:13     | Killed a 19-headed hydra
 14887 | D:13     | Reached XP level 13. HP: 49/116 MP: 7/14
 14993 | D:13     | Found a gate to the Vaults.
 15439 | D:13     | Reached skill level 15 in Shields
 15492 | D:14     | Reached skill level 5 in Dodging
 16006 | Lair:2   | Found a staircase to the Swamp.
 17487 | Lair:3   | Reached skill level 15 in Long Blades
 17493 | Lair:3   | Reached ****** piety under Okawaru
 18041 | Lair:3   | Received a gift from Okawaru
 18067 | Lair:4   | Reached XP level 14. HP: 109/127 MP: 15/15
 18289 | Lair:4   | Found a staircase to the Shoals.
 18546 | Lair:4   | Found the +8 whip "Snakebite" {curare, rPois}
 19109 | Lair:5   | Received a gift from Okawaru
 19112 | Lair:5   | Got a smoking chain mail {god gift}
 19123 | Lair:5   | Identified the +9 chain mail of Foolhardiness {rN+}
                  | (Okawaru gifted it to you on level 5 of the Lair of Beasts)
 19465 | Lair:5   | Found a viscous altar of Jiyva.
 19470 | Lair:5   | Found a staircase to the Slime Pits.
 19553 | Lair:5   | Found the +9 heavy crossbow "Sniper" {vorpal, Acc+∞ SInv}
 20650 | D:14     | You fall into a shaft and drop 1 floor!
 20650 | D:15     | Entered Level 15 of the Dungeon
 20654 | D:15     | Found a shimmering altar of Xom.
 20923 | D:15     | Found Weow's General Store.
 20962 | D:15     | Bought a scroll of identify for 38 gold pieces
 20962 | D:15     | Identified a scroll of acquirement
 21222 | D:15     | Received a gift from Okawaru
 21247 | D:15     | Found a staircase to the Depths.
 21248 | D:15     | Noticed a fire giant
 21283 | D:15     | Killed a fire giant
 21449 | D:14     | Reached XP level 15. HP: 132/136 MP: 15/17
 22166 | Lair:6   | Entered Level 6 of the Lair of Beasts
 22241 | Lair:6   | Acquired a scarf of resistance
 22270 | Lair:6   | Received a gift from Okawaru
 24080 | Lair:6   | Acquired 897 gold pieces
 24209 | Swamp:1  | Entered Level 1 of the Swamp
 24893 | Shoals:1 | Entered Level 1 of the Shoals
 25102 | Shoals:1 | Received a gift from Okawaru
 25223 | Shoals:1 | Noticed a kraken
 25258 | Shoals:1 | HP: 2/138 [drowned by a drowned soul[a merfolk avatar]
                  | (15)]
 25705 | Shoals:1 | Noticed Aizul
 25851 | Shoals:1 | Killed Aizul
 26474 | Swamp:2  | Reached XP level 16. HP: 142/147 MP: 18/18
 27245 | Swamp:3  | Received a gift from Okawaru
 27298 | Swamp:3  | Found a frozen archway.
 27317 | IceCv    | Entered an ice cave
 27930 | IceCv    | Noticed an Ice Fiend
 27968 | IceCv    | Killed an Ice Fiend
 28108 | IceCv    | Identified the Disquisition on the Sinister Snowflakes
 28113 | IceCv    | Got a crude flail
 28127 | IceCv    | Identified a +0 pair of boots of running (You found it in
                  | an ice cave)
 29562 | Swamp:3  | Reached skill level 15 in Fighting
 30137 | Shoals:2 | Received a gift from Okawaru
 30234 | Shoals:2 | Noticed Polyphemus
 30256 | Shoals:2 | Killed Polyphemus
 30640 | Shoals:2 | You fall into a shaft and drop 1 floor!
 30856 | Shoals:3 | Reached XP level 17. HP: 105/156 MP: 17/19
 30882 | Shoals:3 | Reached skill level 5 in Invocations
 31782 | Elf:1    | Entered Level 1 of the Elven Halls
 32015 | Elf:1    | Found Cecavef's Gadget Emporium.
 32023 | Elf:1    | Bought a wand of digging (5) for 288 gold pieces
 32207 | Elf:1    | Found Kesauw's Armour Shop.
 32361 | Elf:1    | Received a gift from Okawaru
 32445 | Elf:1    | Identified the +11 flail of Hospitality {vorpal, *Corrode
                  | rF++ rC- Int+8} (You found it in an ice cave)
 32495 | Elf:1    | Found Vion's Weapon Shoppe.
 32521 | Elf:1    | Got a jewelled halberd
 32613 | Elf:1    | Found Rudiluum's Weapon Boutique.
 32633 | Elf:1    | Found Facoogite's Weapon Emporium.
 32784 | Elf:1    | Found a runed translucent gate.
 32784 | Elf:1    | Found a runed translucent gate.
 32786 | Elf:1    | Noticed a tentacled monstrosity
 32788 | Elf:1    | Found a runed translucent gate.
 32793 | Elf:1    | Noticed a tentacled monstrosity
 33936 | Elf:1    | Noticed a tentacled monstrosity
 33941 | Elf:1    | Killed a tentacled monstrosity
 33946 | Elf:1    | Killed a tentacled monstrosity
 33965 | Elf:1    | Killed a tentacled monstrosity
 33984 | Elf:1    | Found a runed translucent gate.
 33984 | Elf:1    | Found a runed translucent gate.
 33987 | Elf:1    | Noticed Muvawnih's ghost (adept MiFi)
 33989 | Elf:1    | Found a runed translucent gate.
 34033 | Elf:3    | Entered Level 3 of the Elven Halls
 34659 | Shoals:4 | Entered Level 4 of the Shoals
 34785 | Shoals:3 | Received a gift from Okawaru
 34788 | Shoals:3 | Got a bloodstained scale mail {god gift}
 34799 | Shoals:3 | Identified the +9 scale mail of the Pits of Slime {rF- rC+
                  | Slay+2 SInv} (Okawaru gifted it to you on level 3 of the
                  | Shoals)
 35037 | Shoals:4 | Cast into level 2 of the Abyss (merfolk)
 35137 | Abyss:2  | Found a corrupted altar of Lugonu.
 35143 | Abyss:3  | Found a corrupted altar of Lugonu.
 35152 | Abyss:3  | Found a corrupted altar of Lugonu.
 35531 | Shoals:4 | Escaped the Abyss
 35956 | Shoals:4 | Cast into level 2 of the Abyss (merfolk)
 35982 | Abyss:2  | Noticed a bone dragon
 36298 | Abyss:2  | Reached XP level 18. HP: 117/166 MP: 20/20
 36299 | Abyss:2  | Reached skill level 15 in Armour
 36307 | Abyss:2  | Noticed a bone dragon
 36320 | Abyss:2  | Paralysed by accursed screaming for 1 turns
 36327 | Abyss:2  | Killed a bone dragon
 36399 | Abyss:2  | Received a gift from Okawaru
 36414 | Shoals:4 | Escaped the Abyss
 37094 | Shoals:3 | Found a shimmering blue altar of Sif Muna.
 37359 | Swamp:4  | Entered Level 4 of the Swamp
 37359 | Swamp:4  | Noticed Kirke
 37413 | Swamp:3  | Killed Kirke
 38461 | Swamp:4  | Got a decaying rune of Zot
 38758 | Swamp:4  | Received a gift from Okawaru
 38914 | Swamp:4  | Got a transparent bardiche
 38916 | Swamp:4  | Identified the cursed +1 bardiche "Wimesk" {vorpal, Str+3}
                  | (You found it on level 4 of the Swamp)
 40477 | Shoals:4 | Got a barnacled rune of Zot
 41538 | Elf:2    | Found a runed translucent gate.
 41538 | Elf:2    | Found a runed translucent gate.
 41538 | Elf:2    | Found a runed translucent gate.
 41545 | Elf:2    | Noticed Azrael
 41569 | Elf:2    | Killed Azrael
 41569 | Elf:2    | Received a gift from Okawaru
 41649 | Elf:2    | Reached XP level 19. HP: 155/174 MP: 21/21
 43087 | Elf:3    | Received a gift from Okawaru
 43136 | Elf:2    | Identified a +1 pair of boots of running (You found it on
                  | level 2 of the Elven Halls)
 43627 | Elf:3    | Identified the cursed +3 trident of Niogoll {vorpal, MP+9
                  | Str-3 Dex+6}
 43681 | Elf:3    | Identified the amulet of Biddoem {RegenMP rPois Int+3
                  | Dex+3}
 43709 | Elf:3    | Identified the ring "Guletz" {MR+ Dex+6}
 43762 | Elf:3    | Found the +9 staff of Wucad Mu {channel}
 44284 | Elf:3    | Found Feneuzef's Distillery.
 44311 | Elf:3    | Bought a potion of mutation for 88 gold pieces
 45554 | Elf:2    | Reached XP level 20. HP: 162/188 MP: 22/22
 45683 | Elf:2    | Received a gift from Okawaru
 45919 | Elf:2    | Acquired 516 gold pieces
 46533 | Vaults:1 | Entered Level 1 of the Vaults
 46691 | Vaults:1 | Found the +3 pair of gauntlets of War {Slay+5}
 46724 | Vaults:1 | Reached skill level 10 in Dodging
 47056 | Vaults:1 | Received a gift from Okawaru
 47074 | Vaults:1 | Got a pair of transparent gloves {god gift}
 47085 | Vaults:1 | Identified the +0 pair of gloves of the Weaver {MP+9 Str+3
                  | Dex+3 Slay+2} (Okawaru gifted it to you on level 1 of the
                  | Vaults)
 47227 | Vaults:1 | Found Gaogg's General Store.
 47617 | Vaults:1 | Found Teagh's Weapon Boutique.
 48355 | Elf:1    | Killed Muvawnih's ghost
 48403 | Elf:1    | Got a shimmering hat
 48564 | Elf:1    | Identified the cursed +0 hat "Sewiph" {Harm rPois} (You
                  | found it on level 1 of the Elven Halls)
 49261 | Vaults:2 | Found a portal to a secret trove of treasure.
 49671 | Vaults:2 | Noticed Xtahua
 49672 | Vaults:2 | Paralysed by Xtahua for 3 turns
 49685 | Vaults:2 | Killed Xtahua
 49685 | Vaults:2 | Received a gift from Okawaru
 49798 | Vaults:2 | Reached XP level 21. HP: 155/198 MP: 23/23
 50139 | Vaults:2 | Found Jiqiaku's Antique Weapon Boutique.
 50143 | Vaults:2 | Bought a bloodstained hand crossbow for 229 gold pieces
 50321 | Vaults:2 | Received a gift from Okawaru
 50606 | Vaults:3 | Received a gift from Okawaru
 50609 | Vaults:3 | Identified the +3 quick blade of the Shimmering Viper
                  | {vorpal, rPois rF+ Str+2} (Okawaru gifted it to you on
                  | level 3 of the Vaults)
 50662 | Vaults:3 | Found a staircase to the Crypt.
 51166 | Vaults:3 | Received a gift from Okawaru
 51323 | Vaults:3 | Reached skill level 27 in Shields
 51466 | Vaults:3 | Paralysed by a sphinx for 6 turns
 51758 | Vaults:3 | Noticed Boris
 51777 | Vaults:3 | Killed Boris
 51777 | Vaults:3 | Received a gift from Okawaru
 51780 | Vaults:3 | Got a fine crystal plate armour {god gift}
 51794 | Vaults:3 | Identified the +9 crystal plate armour "Qaat" {rPois rF+
                  | rN+} (Okawaru gifted it to you on level 3 of the Vaults)
 52101 | Vaults:3 | Identified the +6 hand crossbow of Defiance {vorpal, +Fly
                  | rElec MP+9 Str-3} (You bought it in a shop on level 2 of
                  | the Vaults)
 52190 | Vaults:4 | Found Umuag's Gadget Boutique.
 52417 | Vaults:4 | Paralysed by a sphinx for 4 turns
 52439 | Vaults:4 | Reached XP level 22. HP: 210/210 MP: 24/24
 53120 | Vaults:4 | Identified the +3 tower shield of Gravity {-Cast *Slow
                  | rN+++ Slay+5}
 53120 | Vaults:4 | Noticed Mennas
 53154 | Vaults:4 | Killed Mennas
 53586 | Vaults:5 | Entered Level 5 of the Vaults
 53586 | Vaults:5 | Noticed a golden dragon
 53612 | Vaults:4 | Received a gift from Okawaru
 53727 | Vaults:4 | Killed a golden dragon
 53925 | Vaults:5 | Paralysed by a sphinx for 3 turns
 54088 | Vaults:5 | Noticed a golden dragon
 54098 | Vaults:5 | Killed a golden dragon
 54203 | Vaults:5 | Noticed a golden dragon
 54216 | Vaults:5 | Killed a golden dragon
 54220 | Vaults:5 | Identified the +11 war axe of Duty {drain, rF++}
 54235 | Vaults:5 | Noticed a golden dragon
 54240 | Vaults:5 | Paralysed by a floating eye for 2 turns
 54470 | Vaults:5 | Received a gift from Okawaru
 54665 | Vaults:4 | Reached XP level 23. HP: 202/223 MP: 26/26
 54753 | Vaults:5 | Received a gift from Okawaru
 54831 | Vaults:5 | Identified the +3 eveningstar "Muroz" {freeze, rPois rN+
                  | MR+ Int+2} (Okawaru gifted it to you on level 5 of the
                  | Vaults)
 55630 | Vaults:5 | Identified the amulet "Emmuor" {Acrobat *Contam rPois rF+++
                  | Str+9}
 55752 | Vaults:5 | Found the +8 Wrath of Trog {antimagic, *Rage}
 55756 | Vaults:5 | Identified the +2 chain mail "Hitoceicho" {Dex+4} (You
                  | found it on level 5 of the Vaults)
 55906 | Vaults:5 | Got a silver rune of Zot
 55979 | Vaults:5 | Noticed Jory
 56000 | Vaults:5 | Killed Jory
 56275 | Vaults:5 | Got a transparent wooden ring
 56596 | Crypt:1  | Entered Level 1 of the Crypt
 56613 | Crypt:1  | Noticed Boris
 56625 | Crypt:1  | Killed Boris
 56729 | Crypt:1  | Found a magical portal.
 56733 | WizLab   | Entered Doroklohe's Tomb
 56985 | WizLab   | Received a gift from Okawaru
 57094 | WizLab   | Received a gift from Okawaru
 57522 | WizLab   | Identified the ring of the Howling Genius {rPois rC+++
                  | rCorr Int-4 Dex-4} (You found it on level 5 of the Vaults)
 57699 | Crypt:1  | Noticed Mara
 57714 | Crypt:1  | Noticed Peloso's illusion
 57745 | Crypt:1  | Killed Mara
 58908 | Crypt:2  | Reached XP level 24. HP: 236/236 MP: 26/26
 59360 | Crypt:3  | Entered Level 3 of the Crypt
 59386 | Crypt:3  | Received a gift from Okawaru
 59710 | Crypt:3  | Identified the Tome of Unholy Arts
 59813 | Crypt:3  | Noticed Saint Roka
 59847 | Crypt:3  | Killed Saint Roka
 60077 | Crypt:3  | Got a scintillating golden ring
 60105 | Crypt:3  | Identified the ring "Guink" {Str+7 SInv} (You found it on
                  | level 3 of the Crypt)
 60111 | Crypt:3  | Noticed an ancient lich
 60122 | Crypt:3  | Killed an ancient lich
 60460 | Crypt:3  | Noticed Boris
 60475 | Crypt:3  | Killed Boris
 60475 | Crypt:3  | Received a gift from Okawaru
 60479 | Crypt:3  | Got a smoking chain mail {god gift}
 60506 | Crypt:3  | Got a smoking jade ring
 60507 | Crypt:3  | Identified the ring "Gouwk" {rElec rF- rC+ rN+++ Str+6}
                  | (You found it on level 3 of the Crypt)
 60597 | Crypt:3  | Found a staircase to the Tomb.
 60599 | Crypt:3  | Noticed an ancient lich
 60617 | Crypt:3  | Killed an ancient lich
 60620 | Crypt:3  | Noticed an ancient lich
 60636 | Crypt:3  | Killed an ancient lich
 60766 | Crypt:3  | Noticed an ancient lich
 60772 | Crypt:3  | Killed an ancient lich
 60811 | Crypt:3  | Identified the +9 chain mail of the Spheres {Slay+5 SInv}
                  | (You found it on level 3 of the Crypt)
 60813 | Crypt:3  | Identified the +4 chain mail "Fonte" {Int+2} (Okawaru
                  | gifted it to you on level 3 of the Crypt)
 61350 | Depths:1 | Entered Level 1 of the Depths
 61519 | Depths:1 | Noticed Boris
 61520 | Depths:1 | Noticed Asterion
 61589 | D:15     | Killed Asterion
 61593 | D:15     | Killed Boris
 61843 | Depths:1 | You fall into a shaft and drop 1 floor!
 61865 | Depths:2 | Noticed a juggernaut
 61881 | Depths:2 | Killed a juggernaut
 61881 | Depths:2 | Received a gift from Okawaru
 61906 | Depths:2 | Noticed a juggernaut
 61929 | Depths:2 | Killed a juggernaut
 61931 | Depths:2 | Reached XP level 25. HP: 249/249 MP: 26/26
 62129 | Depths:2 | Found Nagef's Distillery.
 62137 | Depths:2 | Bought a potion of haste for 100 gold pieces
 62197 | Depths:1 | Found Rihet's Weapon Boutique.
 62279 | Depths:1 | Found a gateway to Hell.
 63280 | Depths:1 | Identified the +1 scale mail of the Equinox {*Contam rElec
                  | rC+} (You found it on level 1 of the Depths)
 63364 | Depths:1 | Identified the cursed +0 scale mail of the Evening {Stlth+}
                  | (You found it on level 1 of the Depths)
 63406 | Depths:1 | Got a warped wooden ring
 63407 | Depths:1 | Identified the ring "Tanigof" {rF+ Dex+8} (You found it on
                  | level 1 of the Depths)
 63608 | Depths:1 | Found a one-way gate leading to the halls of Pandemonium.
 63972 | Depths:2 | You fall into a shaft and drop 2 floors!
 64106 | Depths:3 | Found a flickering gateway to a bazaar.
 64112 | Bazaar   | Entered a bazaar
 64114 | Bazaar   | Found Iseak's Assorted Antiques.
 64122 | Bazaar   | Bought a scroll of magic mapping for 101 gold pieces
 64122 | Bazaar   | Bought a scroll of magic mapping for 101 gold pieces
 64122 | Bazaar   | Bought a potion of might for 116 gold pieces
 64134 | Bazaar   | Found Zapin's Weapon Emporium.
 64137 | Bazaar   | Found Inkott's Jewellery Shoppe.
 64144 | Bazaar   | Found Qausch's Weapon Boutique.
 64222 | Depths:3 | Found a gateway to a ziggurat.
 64226 | Depths:3 | Received a gift from Okawaru
 64678 | Depths:3 | Acquired a +5 double sword of holy wrath
 64814 | Depths:3 | Noticed Frederick
 64814 | Depths:3 | Identified the ring of Pantheism {rPois Str+6 Int+2 SInv}
 64830 | Depths:3 | Killed Frederick
 64857 | Depths:3 | Found a radiant altar of Vehumet.
 65816 | Depths:4 | You fall into a shaft and drop 1 floor!
 65816 | Depths:5 | Entered Level 5 of the Depths
 65895 | Depths:5 | Found a gate to the Realm of Zot.
 66172 | Depths:5 | Noticed Sojobo
 66210 | Depths:5 | Killed Sojobo
 66231 | Depths:5 | Received a gift from Okawaru
 66231 | Depths:5 | Reached XP level 26. HP: 207/264 MP: 26/26
 66276 | Depths:5 | Lost intelligence.
 66307 | Depths:5 | Got a bloodstained hat {god gift}
 66318 | Depths:5 | Identified the +0 hat of Uxtey {*Corrode rPois rC+++ SInv}
                  | (Okawaru gifted it to you on level 5 of the Depths)
 67037 | Depths:4 | Got a pair of shimmering gloves
 67048 | Depths:4 | Identified the +2 pair of gloves "Aqixepra" {Str+3 Stlth-}
                  | (You found it on level 4 of the Depths)
 67288 | Depths:4 | Found a runed translucent door.
 67324 | Depths:4 | Found a runed translucent door.
 67602 | Depths:4 | Found a one-way gate to the infinite horrors of the Abyss.
 67732 | Depths:4 | Reached skill level 27 in Fighting
 67739 | Depths:4 | Reached skill level 27 in Long Blades
 67763 | Depths:4 | Killed from afar by a storm dragon

Illustrated notes

Levels and vault maps discovered:
D:1:      ebering_trefoil_twist, layout_rooms, minmay_small_reverse_x
D:2:      layout_rooms, serial_bayou_pond_c, minmay_box_of_dots, uniq_sigmund,
          uniq_crazy_yiuf_cottage, uniq_natasha, uniq_terence, uniq_jessica
D:3:      layout_basic, grunt_temple_overflow_gold_and_silver,
          gammafunk_temple_overflow_statue, xom_teletrap_fun, marbit_many_paths,
          minmay_stone_trees_small, minivault_23
D:4:      layout_basic
D:5:      layout_layer_cave, lemuel_coloured_pillars_altar,
          minmay_overflow_temple_star_hex, uniq_eustachio, uniq_duvessa
D:6:      kennysheep_kobold_camp, layout_basic
D:7:      layout_layer_cave, temple_statues, st_stairs_5,
          minmay_a_box_with_orc_wizards_in_it
D:8:      layout_basic, erik_lair_island
D:9:      layout_basic, nicolae_overflow_hidden_temple, grunt_ministairs_4,
          lemuel_mausoleum_altar_yredelemnul, uniq_joseph
D:10:     layout_loops_cross, uniq_josephine
D:11:     minmay_recursive_quarters, layout_basic, orc_0_dummy
D:12:     layout_stronghold, nemelex_altar_shiori
D:13:     layout_rooms, david_vaults_4, special_room [special_room_orc]
D:14:     layout_basic, minivault_23
D:15:     grunt_enter_depths_giant_problem, layout_cave_pools, serial_shops,
          nicolae_shop_statue_plus, basic_altar
Lair:1:   layout_long_grid, minivault_11, grunt_megastairs_2
Lair:2:   layout_chaotic_city, skrybe_swamp_entry_bodies
Lair:3:   layout_roguey, cheibrodos_lair_reptile_den
Lair:4:   minmay_guarded_unrand_snakebite, layout_layer_cave,
          minmay_shoals_entry_centaurs, grunt_megastairs_5, lemuel_fruit_tree
Lair:5:   layout_regular_city, slime_altar_1, chequers_serial_rivers_micro_c,
          ice2_lemuel
Lair:6:   hangedman_lair_tendril_chambers, layout_big_grid,
          guppyfry_lair_end_dragon
Swamp:1:  layout_basic_swamp, evilmike_swamp_ruin_house_5, swamp_pool1,
          grunt_hermit_hut
Swamp:2:  layout_basic_swamp, hangedman_swamp_cone, swamp_pool3,
          infiniplex_staircase_pool_2
Swamp:3:  layout_basic_swamp, portal_ice_cave_entry_pillars_1,
          evilmike_swamp_ruin_house_3, nicolae_swamp_spriggan_camp
Swamp:4:  swamp_alternative, layout_basic_swamp, uniq_kirke
Shoals:1: layout_shoals, uniq_aizul
Shoals:2: layout_shoals, uniq_polyphemus
Shoals:3: layout_shoals, lemuel_oklob_altar
Shoals:4: shoals_end_hangedman, layout_shoals
Orc:1:    layout_caves, serial_shops, nicolae_shop_stone
Orc:2:    st_orc_mages, layout_caves, uniq_snorg, uniq_sonja, uniq_rupert
Elf:1:    eino_elf_arrival_customs, layout_geoelf_diagonals,
          ploomutoo_gammafunk_ghost_potion_laboratory, serial_shops, shop, shop,
          shop_statue, shop, nicolae_shop_behind_doors, hangedman_elf_disciples,
          patterned_corridor
Elf:2:    layout_loops_corners, lemuel_elevator, uniq_azrael
Elf:3:    elf_hall, layout_rooms, serial_shops, shop_statue
Vaults:1: v_misc_12, ontoclasm_vaults_ligature, nicolae_vaults_branching_niches,
          vaults_room_semicircle, ontoclasm_vaults_idyll, v_misc_26,
          grunt_vaults_twisty, nicolae_vaults_ninety_degrees,
          nicolae_vaults_bisected_exclaves, vaults_standard_mumra_x,
          nicolae_vaults_shelves_hall, ontoclasm_vaults_ring_square,
          layout_vaults_omnibox, serial_shops, shop, nicolae_shop_waterfront
Vaults:2: vaults_room_boxed, ontoclasm_vaults_hangar, hangedman_vaults_unwind,
          nicolae_vaults_theta, v_misc_14, nicolae_vaults_big_ls,
          vaults_room_fancy_cross, ontoclasm_vaults_ring_large, v_misc_9,
          nicolae_vaults_circle_grid_a, v_misc_28, ontoclasm_vaults_shuriken,
          nicolae_vaults_circle_grid_b, layout_vaults_maze, serial_shops, shop,
          enter_trove_1, uniq_xtahua
Vaults:3: minmay_crypt_entry_simple_corners, vaults_mumra_minichess_inversion,
          dpeg_vaults_monster_box, nicolae_vaults_network_star,
          hangedman_vaults_cutoff, ontoclasm_vaults_chip,
          vaults_mumra_minichess, layout_vaults_omnigrid, uniq_boris
Vaults:4: vaults_dpeg_hooks, nicolae_vaults_circle_grid_b, v_misc_23,
          vaults_standard_mumra_enter_the_diamond, ontoclasm_vaults_ring_small,
          vaults_dpeg_diagonal, v_misc_11, vaults_dpeg_cross,
          layout_vaults_chaotic_city, serial_shops, shop_coins, uniq_mennas
Vaults:5: uniq_jory
Crypt:1:  layout_gridlike, mu_enter_wizlab_7, grunt_crypt_arrival_split,
          uniq_mara
Crypt:2:  layout_regular_city
Crypt:3:  quadcrypt_mu, uniq_saint_roka
Depths:1: kennysheep_bubble_arena, layout_cave_pools, grunt_decor_clamped,
          serial_shops, nicolae_shop_competitors_out_of_business, hell_entry,
          rand_demon_pan_entry_9, evilmike_ambush
          [evilmike_ambush_outer_corners, evilmike_ambush_inner_basic],
          uniq_asterion
Depths:2: minmay_the_grid_four_pointed_star_mashed
          [minmay_the_grid_triangle_9x9_flanged_cone,
          minmay_the_grid_triangle_9x9_descending_squares,
          minmay_the_grid_triangle_9x9_swiss_cheese,
          minmay_the_grid_triangle_9x9_steps, minmay_the_grid_prize_trominoes],
          layout_gridlike, hell_entry, serial_shops, shop,
          infiniplex_staircase_trident
Depths:3: evilmike_halls_of_destruction, layout_basic, enter_ziggurat_e,
          hell_entry, grunt_pan_entry_sceptre, minmay_misc_feat_rugged,
          serial_shops, freezing_bzr, minmay_staircase_windowed_large
Depths:4: minmay_expanding_circles, layout_cave_pools,
          marbit_kobold_abyss_entry, hell_entry
Depths:5: evilmike_zot_entry_argh, layout_basic, hell_entry,
          hangedman_abyss_or_decor_passed, pan_entry, uniq_sojobo

Skill      XL: |  1  2  3  4  5  6  7  8  9 10 11 12 13 14 15 16 17 18 19 20 21 22 23 24 25 26 |
---------------+-------------------------------------------------------------------------------+-----
Shields        | 4 5 6 7 9 10 12 14 16 18 19 21 22 23 25 26 27 | 27.0
Fighting       | 4 5 6 7 8 9 11 12 13 14 15 16 18 19 20 22 23 25 26 27 | 27.0
Armour         | 4 5 6 7 8 9 10 11 12 13 14 15 16 17 18 19 20 21 | 21.4
Long Blades    | 3 4 5 7 8 10 12 13 14 15 16 17 18 19 20 22 23 25 26 27 | 27.0
Dodging        | 1 2 3 4 5 6 8 9 10 11 | 11.2
Stealth        | 1 2 3 |  3.6
Evocations     | 1 |  1.6
Invocations    | 1 2 3 4 5 |  5.7

Action                   |  1- 3 |  4- 6 |  7- 9 | 10-12 | 13-15 | 16-18 | 19-21 | 22-24 | 25-27 || total
-------------------------+-------+-------+-------+-------+-------+-------+-------+-------+-------++-------
Melee: Long sword        |    73 |   154 |   565 |  1103 |  1091 |       |       |       |       ||  2986
       Headbutt          |    12 |    25 |   117 |   243 |   469 |   571 |   568 |   604 |   280 ||  2889
       Scimitar          |       |       |       |       |   608 |  1627 |       |       |       ||  2235
       Double sword      |       |       |       |       |       |   259 |  1545 |  1492 |   804 ||  4100
Invok: Heroism           |       |       |       |    18 |    19 |    21 |     2 |     3 |     2 ||    65
       Finesse           |       |       |       |     4 |     5 |     3 |       |       |       ||    12
Evoke: Wand              |       |       |       |    16 |       |    11 |       |       |     2 ||    29
  Use: Scroll            |       |     1 |     5 |     3 |    18 |    25 |     6 |    14 |     9 ||    81
       Potion            |       |       |     2 |     2 |     8 |     7 |     1 |     3 |     2 ||    25
 Stab: Invisible         |       |       |     1 |       |       |       |       |       |       ||     1
       Paralysed         |       |       |       |     5 |       |       |       |       |       ||     5
       Confused          |       |       |       |       |       |     2 |       |       |       ||     2
       Distracted        |       |       |       |       |       |       |     1 |       |     1 ||     2
Armor: Scale mail        |    35 |    75 |   139 |       |       |     3 |       |       |       ||   252
       Plate armour      |       |       |   107 |   420 |   240 |       |       |       |       ||   767
       Ice dragon scales |       |       |       |       |   101 |    61 |       |       |       ||   162
       Chain mail        |       |       |       |       |   204 |   726 |   466 |       |       ||  1396
       Crystal plate arm |       |       |       |       |       |       |    64 |   596 |   484 ||  1144
Dodge: Dodged            |    29 |    60 |   162 |   218 |   431 |   703 |   542 |   342 |   293 ||  2780
Block: Kite shield       |    48 |    98 |   289 |   797 |  1572 |  2118 |  1875 |   132 |       ||  6929
       Reflection        |       |       |       |    31 |    68 |   141 |   154 |    77 |    58 ||   529
       Tower shield      |       |       |       |       |       |       |       |  1956 |  1353 ||  3309
       Rpst.: Long sword |     7 |    14 |    39 |    30 |    55 |       |       |       |       ||   145
       Scimitar          |       |       |       |       |    39 |    93 |       |       |       ||   132
       Double sword      |       |       |       |       |       |    20 |    91 |    45 |    38 ||   194

Table legend: (Time is in decaauts)
 A = Elapsed time spent in this place.
 B = Non-inter-level travel time spent in this place.
 C = Inter-level travel time spent in this place.
 D = Time resting spent in this place.
 E = Time spent auto-exploring this place.
 F = Levels seen in this place.
 G = Mean time per level.
                   A        B        C        D        E       F      G
               +--------+--------+--------+--------+--------+-----+--------+
         Total |  66869 |  58742 |   8127 |   6715 |  30091 |  53 | 1261.7 |
       Dungeon |  16956 |  14289 |   2667 |    991 |   8613 |  15 | 1130.4 |
          Lair |   9306 |   6856 |   2450 |    310 |   3776 |   6 | 1551.0 |
         Swamp |   4687 |   4377 |    310 |   1224 |   1832 |   4 | 1171.8 |
        Shoals |   7042 |   6711 |    331 |   1789 |   2506 |   4 | 1760.5 |
  Orcish Mines |   2560 |   2260 |    300 |    337 |   1066 |   2 | 1280.0 |
   Elven Halls |   6275 |   5350 |    925 |    934 |   2058 |   3 | 2091.7 |
        Vaults |   8168 |   7391 |    777 |    551 |   3927 |   5 | 1633.6 |
         Crypt |   3622 |   3489 |    133 |      0 |   2159 |   3 | 1207.3 |
        Depths |   5446 |   5214 |    232 |     60 |   2935 |   5 | 1089.2 |
         Abyss |    918 |    918 |      0 |      0 |    524 |   3 |  306.0 |
        Bazaar |     74 |     74 |      0 |      0 |     33 |   1 |   74.0 |
      Ice Cave |   1011 |   1011 |      0 |    239 |    468 |   1 | 1011.0 |
        Wizlab |    799 |    799 |      0 |    280 |    192 |   1 |  799.0 |
               +--------+--------+--------+--------+--------+-----+--------+

Top non-repeatable levels by time:
  Lair:6: 2970 daAuts
   Elf:1: 2722 daAuts
Shoals:3: 2553 daAuts
Vaults:4: 2188 daAuts
   Elf:2: 2151 daAuts
 Swamp:3: 1980 daAuts
 Crypt:3: 1709 daAuts
Vaults:1: 1683 daAuts
Vaults:3: 1663 daAuts
   Orc:2: 1611 daAuts
Shoals:4: 1577 daAuts
     D:8: 1562 daAuts
     D:3: 1537 daAuts
  Lair:2: 1508 daAuts
Shoals:1: 1507 daAuts
